 Dungeon Crawl Stone Soup version 0.20.1-1-g8b1a95d (console) character file.

174 rafael the Gusty (level 5, -5/31 HPs)
             Began as a Halfling Air Elementalist on July 7, 2017.
             Slain by Sigmund
             ... wielding a +7 scythe of freezing
              (7 damage)
             ... on level 2 of the Dungeon.
             The game lasted 00:09:46 (1527 turns).

rafael the Gusty (Halfling Air Elementalist)        Turns: 1527, Time: 00:09:47

Health: -5/31      AC:  5    Str: 14    XL:     5   Next: 84%
Magic:  1/7        EV: 16    Int: 14    God:
Gold:   54         SH:  0    Dex: 15    Spells: 4/7 levels left

rFire    . . .     SeeInvis .   a - +0 short sword
rCold    . . .     Gourm    .   (shield restricted)
rNeg     . . .     Faith    .   e - +0 robe
rPois    .         Spirit   .   (no helmet)
rElec    .         Reflect  .   (no cloak)
rCorr    .         Harm     .   k - +2 pair of gloves
MR       .....                  (no boots)
Stlth    +++.......             (no amulet)
Regen    0.1/turn               (no ring)
MPRegen  0.1/turn               (no ring)

@: mighty
A: mutation resistance 1
a: no special abilities


You were on level 2 of the Dungeon.
You were not hungry.

You visited 1 branch of the dungeon, and saw 3 of its levels.

You collected 54 gold pieces.

Inventory:

Hand Weapons
 a - a +0 short sword (weapon)
Missiles
 j - 14 poisoned needles
Armour
 e - a +0 robe (worn)
 k - a +2 pair of gloves (worn)
Scrolls
 h - a scroll of remove curse
Books
 b - a book of Air

   Spells                             Type                      Level
   a - Shock                          Conjuration/Air              1
   b - Swiftness                      Charms/Air                   2
   c - Static Discharge               Conjuration/Air              3
   d - Airstrike                      Air                          4
   e - Lightning Bolt                 Conjuration/Air              5
Comestibles
 c - 2 bread rations
 l - a meat ration


   Skills:
 + Level 3.7 Dodging
 + Level 3.8 Stealth
 - Level 1.5 Spellcasting
 - Level 0.7 Conjurations
 * Level 4.6 Air Magic


You had 4 spell levels left.
You knew the following spells:

 Your Spells              Type           Power        Failure   Level  Hunger
a - Shock                 Conj/Air       #...         9%          1    ##.....
z - Swiftness             Chrm/Air       #.......     14%         2    ###....


Dungeon Overview and Level Annotations

Branches:
Dungeon (3/15)

Altars:

Annotations:
D:2 Sigmund


Innate Abilities, Weirdness & Mutations

You are small and have problems with some larger weapons.
You are somewhat resistant to further mutation.


Message History

You feel agile.
There is a stone staircase leading up here.
You climb upwards.
Level annotation: Sigmund
There is a stone staircase leading down here.
Casting: Shock
Confirm with . or Enter, or press ? or * to list all spells.
Aiming: Shock
Press: ? - help, Shift-Dir - straight line, f - Sigmund
Aim: Sigmund, wielding a scythe of freezing and wearing a robe The zap hits Sigmund.
Sigmund is lightly wounded.
There is a stone staircase leading down here.
Sigmund casts a spell.
Sigmund flickers and vanishes!
You puncture something! Something hits you!
Ouch! That really hurt!
* * * LOW HITPOINT WARNING * * *
Something freezes you!
You die...

##
.##################
.'.............{@>#
.#.################
.#.# .#.#####
.#.....# .#####.#
...# #.# ...# #.#
...# #.#


There were no monsters in sight!

Vanquished Creatures
  Purgy (D:3)
  4 adders (D:2)
  An ooze (D:2)
  A dart slug (D:1)
  2 leopard geckos (D:1)
  5 goblins
  7 hobgoblins
  2 jackals (D:2)
  A quokka (D:2)
  A ball python (D:1)
  4 bats
  3 frilled lizards (D:1)
  3 kobolds (D:1)
  4 rats
39 creatures vanquished.

Notes
Turn   | Place    | Note
-------+----------+-------------------------------------------
     0 | D:1      | rafael the Halfling Air Elementalist began the quest for the Orb.
     0 | D:1      | Reached XP level 1. HP: 11/11 MP: 3/3
   153 | D:1      | Reached XP level 2. HP: 16/17 MP: 0/4
   351 | D:1      | Learned a level 2 spell: Swiftness
   440 | D:1      | Reached XP level 3. HP: 20/21 MP: 0/5
   721 | D:2      | Reached XP level 4. HP: 22/27 MP: 0/6
   807 | D:2      | Reached skill level 4 in Air Magic
  1230 | D:2      | Noticed Sigmund
  1488 | D:3      | Noticed Purgy
  1517 | D:3      | Killed Purgy
  1517 | D:3      | Reached XP level 5. HP: 18/31 MP: 0/7
  1527 | D:2      | Slain by Sigmund

Skill      XL: |  1  2  3  4 |
---------------+-------------+-----
Stealth        | 3 |  3.8
Dodging        | 3 |  3.7
Air Magic      | 4 |  4.6
Spellcasting   | |  1.5
Conjurations   | |  0.7

Action                   |  1- 3 |  4- 6 || total
-------------------------+-------+-------++-------
Melee: Short sword       |    12 |    16 ||    28
 Cast: Shock             |    45 |    29 ||    74
  Use: Potion            |     1 |     1 ||     2
       Scroll            |       |     5 ||     5
 Stab: Sleeping          |       |     1 ||     1
  Eat: Chunk             |     1 |     3 ||     4
Armor: Robe              |     5 |    23 ||    28
Dodge: Dodged            |    39 |    58 ||    97
